 Dungeon Crawl Stone Soup version 0.27.1-35-g4d5d836560 (webtiles) character file.

Game seed: 4125657108188454475

11041 Froggeryz the Arsonist (level 11, -1/67 HPs)
             Began as an Octopode Fire Elementalist on Oct 6, 2022.
             Was an Initiate of Gozag.
             Slain by a vampire mosquito (11 damage)
             ... on level 11 of the Dungeon.
             The game lasted 00:23:52 (16604 turns).

Froggeryz the Arsonist (OpFE)                      Turns: 16604, Time: 00:23:52

Health: -1/67      AC:  5    Str:  8    XL:     11   Next: 71%
Magic:  3/21       EV: 15    Int: 20    God:    Gozag
Gold:   501        SH:  5    Dex: 13    Spells: 14/24 levels left

rFire    + . .     SeeInvis .   i - +3 dagger
rCold    . . .     Faith    .   (no shield)
rNeg     + . .     Spirit   .   (helmet restricted)
rPois    .         Reflect  +   F - amulet of reflection
rElec    .         Harm     .   b - ring of positive energy
rCorr    .         Rampage  .   p - ring of flight
Will     .....                  w - +4 ring of protection
Stlth    +++.......             D - ring of protection from fire
HPRegen  0.21/turn              C - ring of wizardry
MPRegen  0.17/turn              (no ring)
                                (no ring)
                                (no ring)

@: flying
A: almost no armour, amphibious, 8 rings, camouflage 1, gelatinous body 1,
(nimble swimmer 1), tentacles
a: Renounce Religion, Potion Petition, Call Merchant, Bribe Branch


You were on level 11 of the Dungeon.
You worshipped Gozag.
Gozag was pleased with you.
You visited 3 branches of the dungeon, and saw 13 of its levels.

You collected 1490 gold pieces.
You spent 935 gold pieces at shops.
You paid 54 gold pieces to Gozag.

Inventory:

Hand Weapons
 i - a +3 dagger (weapon)
Missiles
 m - 5 throwing nets
Magical Staves
 K - a staff of conjuration
Jewellery
 b - a ring of positive energy (left tentacle)
 p - a ring of flight (right tentacle)
 w - a +4 ring of protection (on tentacle)
 C - a ring of wizardry (on tentacle)
 D - a ring of protection from fire (on tentacle)
 F - an amulet of reflection (around mantle)
Wands
 j - a wand of iceblast (16)
 k - a wand of flame (21)
 l - a wand of polymorph (9)
 o - a wand of digging (7)
 x - a wand of acid (6)
 A - a wand of paralysis (8)
 H - a wand of mindburst (13)
Scrolls
 a - 2 scrolls of magic mapping {unknown}
 c - 3 scrolls of amnesia {unknown}
 e - a scroll of noise {unknown}
 g - 5 scrolls of teleportation
 s - 3 scrolls of identify {unknown}
 t - a scroll of torment {unknown}
 u - a scroll of brand weapon {unknown}
 y - a scroll of blinking {unknown}
 B - a scroll of enchant weapon {unknown}
 G - a scroll of acquirement {unknown}
 I - 2 scrolls of enchant armour {unknown}
Potions
 d - 3 potions of curing {unknown}
 f - 4 potions of flight {unknown}
 h - 3 potions of lignification {unknown}
 n - 2 potions of attraction {unknown}
 q - a potion of might
 r - a potion of haste {unknown}
 v - a potion of brilliance {unknown}
 z - 3 potions of heal wounds {unknown}
 E - a potion of invisibility {unknown}
 J - a potion of degeneration {unknown}


   Skills:
 - Level 3.1 Fighting
 - Level 5.1 Dodging
 - Level 2.6 Stealth
 * Level 7.1 Spellcasting
 + Level 10.2 Conjurations
 + Level 12.0 Fire Magic


You had 14 spell levels left.
You knew the following spells:

 Your Spells              Type           Power      Damage    Failure   Level
a - Foxfire               Conj/Fire      100%       2x1d9     1%          1
b - Sticky Flame          Conj/Fire      51%        2d7       1%          4
c - Fireball              Conj/Fire      25%        3d11      1%          5

Your spell library contained the following spells:

 Spells                   Type           Power      Damage    Failure   Level
 Conjure Flame            Conj/Fire      51%        6-21      1%          3
 Inner Flame              Hex/Fire       31%        N/A       1%          3
 Freezing Cloud           Conj/Ice/Air   10%        6-21      26%         5
 Passage of Golubria      Tloc           N/A        N/A       34%         4
 Silence                  Hex/Air        3%         N/A       67%         5
 Simulacrum               Ice/Necr       3%         N/A       99%         6
 Lehudib's Crystal Spear  Conj/Erth      13%        10d5      100%        8
 Polar Vortex             Ice            3%         N/A       100%        9


Dungeon Overview and Level Annotations

Branches:
Dungeon (11/15)            Temple (1/1) D:6            Lair (1/6) D:9
    Orc: D:9-12

Altars:
Ashenzari
Cheibriados
Dithmenos
Elyvilon
Fedhas
Gozag
Hepliaklqana
Kikubaaqudgha
Makhleb
Nemelex Xobeh
Okawaru
Qazlal
Ru
Sif Muna
Trog
Uskayaw
Vehumet
Wu Jian
Xom
Yredelemnul
Zin
The Shining One

Shops:
D:1 =   D:3 *

Annotations:
D:5 3 runed translucent doors, ciphuk's ghost, amateur DDEE
D:10 2 transporters, Doot's ghost, journeyman OpVM
Lair:1 exclusion: oklob plant


Innate Abilities, Weirdness & Mutations

You cannot wear most types of armour.
You are amphibious.
You can wear up to eight rings at the same time.
Your skin changes colour to match your surroundings (Stealth+).
Your rubbery body absorbs attacks. (AC +1, EV +1)
((You are camouflaged near water. (Stealth+)))
You have tentacles for arms and can constrict up to eight enemies at once.


Message History

* * * LOW HITPOINT WARNING * * *
The vampire mosquito draws strength from your injuries!
The vampire mosquito bites you.
* * * LOW HITPOINT WARNING * * *
The vampire mosquito draws strength from your injuries!
The vampire mosquito burns!
You destroy the vampire mosquito!
Casting: Sticky Flame (safe; 1% risk of failure)
Confirm with . or Enter, or press ? or * to list all spells.
Aiming: Sticky Flame (safe; 1% risk of failure)
Press: ? - help, Shift-Dir - straight line, f - vampire mosquito
Aim: a vampire mosquito (100% to hit)
The sticky flame hits the vampire mosquito!
The vampire mosquito is moderately damaged.
The vampire mosquito is covered in liquid flames!
Your surroundings suddenly seem different.
You start resting.
You feel a bit more experienced.
You start resting.
A vampire mosquito is nearby!
The vampire mosquito buzzes angrily.
Casting: Sticky Flame (safe; 1% risk of failure)
Confirm with . or Enter, or press ? or * to list all spells.
Aiming: Sticky Flame (safe; 1% risk of failure)
Press: ? - help, Shift-Dir - straight line, f - vampire mosquito
Aim: a vampire mosquito (100% to hit)
The sticky flame hits the vampire mosquito!
The vampire mosquito is moderately damaged.
The vampire mosquito is covered in liquid flames!
The vampire mosquito burns!
The vampire mosquito bites you!
* * * LOW HITPOINT WARNING * * *
The vampire mosquito draws strength from your injuries!
The vampire mosquito misses you.
You hit the vampire mosquito. Your grab misses the vampire mosquito.
The vampire mosquito is moderately damaged.
The vampire mosquito burns!
The vampire mosquito completely misses you.
The vampire mosquito bites you!
You die...
Your body crumbles into a pile of gold.

...#..........).......###
........[............##
....##..............#
.##. ##............## .
#.......#.)..## #
###.....#...##
#.##.......# #..
#####.y.# #.. ##@## $ ###


You could see a vampire mosquito (burning).

Vanquished Creatures
  3 two-headed ogres
  A gargoyle (D:10)
  3 komodo dragons
  A troll (D:10)
  Prince Ribbit (D:8)
  A meliai zombie (D:11)
  A shadow (D:10)
  Sigmund (D:3)
  3 hogs (D:10)
  A vampire (D:11)
  3 wyverns
  6 yaks
  A human (D:10)
  4 steam dragons
  2 vampire mosquitoes (D:11)
  6 water moccasins
  5 sky beasts
  A hornet zombie (D:7)
  An ice beast (D:6)
  A black bear (D:6)
  3 necrophages
  5 orc warriors
  An ogre (D:5)
  2 centaurs
  4 bullfrogs
  3 gnoll sergeants
  4 scorpions
  2 howler monkeys (D:10)
  4 centaur zombies
  3 bullfrog zombies (D:6)
  A jelly (D:7)
  A hound (D:5)
  A bullfrog skeleton (D:6)
  2 centaur skeletons (D:5)
  A gnoll shaman (D:7)
  4 orc priests
  Jessica (D:3)
  4 iguanas
  10 orc wizards
  A scorpion zombie (D:4)
  Terence (D:3)
  A killer bee zombie (D:9)
  18 gnolls
  A river rat (D:3)
  8 adders
  3 white imps
  An adder skeleton (D:4)
  3 worms
  4 dart slugs
  27 orcs
  7 ball pythons
  4 bats
  8 endoplasms
  2 giant cockroaches (D:1)
  7 goblins
  4 hobgoblins
  4 jackals (D:2)
  10 kobolds
  3 quokkas
  4 frilled lizards
  8 rats
231 creatures vanquished.

Vanquished Creatures (collateral kills)
  A foxfire (D:1)
1 creature vanquished.

Vanquished Creatures (others)
  757 foxfires
  3 fungi
  5 plants (D:9)
765 creatures vanquished.

Grand Total: 997 creatures vanquished

Notes
Turn   | Place    | Note
-------+----------+-------------------------------------------
     0 | D:1      | Froggeryz the Octopode Fire Elementalist began the quest
                  | for the Orb.
     0 | D:1      | Reached XP level 1. HP: 11/11 MP: 3/3
   277 | D:1      | Reached XP level 2. HP: 17/17 MP: 0/5
   344 | D:1      | Found Egos's Jewellery Emporium.
  1109 | D:1      | Reached XP level 3. HP: 21/21 MP: 3/6
  1140 | D:1      | Found a faded altar of an unknown god.
  1584 | D:2      | You fall into a shaft and drop 1 floor!
  1615 | D:2      | Reached XP level 4. HP: 16/27 MP: 0/7
  1854 | D:3      | Noticed Terence
  2612 | D:3      | Found a hazy altar of Hepliaklqana.
  2718 | D:3      | Reached XP level 5. HP: 26/31 MP: 6/8
  2734 | D:3      | Reached skill level 4 in Fire Magic
  2892 | D:3      | Noticed Sigmund
  2904 | D:3      | Killed Sigmund
  2905 | D:3      | Reached skill level 5 in Conjurations
  2905 | D:3      | Reached XP level 6. HP: 29/36 MP: 3/9
  3232 | D:3      | Found a sacrificial altar of Ru.
  3254 | D:3      | Killed Terence
  3532 | D:3      | Noticed Jessica
  3537 | D:3      | Killed Jessica
  3697 | D:3      | Found Zin's Purification Station.
  3701 | D:3      | Found a glowing silver altar of Zin.
  3937 | D:4      | Noticed a necrophage
  3943 | D:4      | Killed a necrophage
  3944 | D:4      | Reached skill level 5 in Fire Magic
  4030 | D:4      | Reached XP level 7. HP: 41/41 MP: 3/10
  4248 | D:4      | Found a bloodstained altar of Trog.
  4253 | D:4      | Found a stormy altar of Qazlal.
  4359 | D:4      | Found a basalt altar of Yredelemnul.
  4771 | D:4      | Found a bloodstained altar of Trog.
  4773 | D:4      | Found a stormy altar of Qazlal.
  4838 | D:4      | Found a basalt altar of Yredelemnul.
  5017 | D:5      | Entered Level 5 of the Dungeon
  5382 | D:5      | Reached skill level 6 in Fire Magic
  5481 | D:5      | Found a runed translucent gate.
  5481 | D:5      | Found a runed translucent gate.
  5482 | D:5      | Found a runed translucent gate.
  5483 | D:5      | Noticed ciphuk's ghost (amateur DDEE)
  5512 | D:5      | Learned a level 4 spell: Sticky Flame
  5682 | D:5      | Reached XP level 8. HP: 46/46 MP: 3/11
  5810 | D:5      | Reached skill level 7 in Fire Magic
  6231 | D:6      | Reached skill level 1 in Fighting
  6557 | D:6      | Found a sparkling altar of Nemelex Xobeh.
  6636 | D:6      | Reached skill level 8 in Fire Magic
  6672 | D:6      | Found a staircase to the Ecumenical Temple.
  6725 | Temple   | Entered the Ecumenical Temple
  6939 | Temple   | Became a worshipper of Gozag Ym Sagoz the Greedy
  7013 | D:6      | Reached XP level 9. HP: 37/55 MP: 0/12
  8006 | D:7      | Reached skill level 9 in Fire Magic
  9406 | D:7      | Found a snail-covered altar of Cheibriados.
 10252 | D:8      | Reached skill level 10 in Fire Magic
 10258 | D:8      | Learned a level 5 spell: Fireball
 10328 | D:8      | Identified the +4 flail of Domination {vamp, rPois rF-
                  | Str-5 Dex+8}
 10464 | D:8      | Reached XP level 10. HP: 45/63 MP: 4/13
 11033 | D:8      | Noticed Prince Ribbit
 11048 | D:8      | Killed Prince Ribbit
 12370 | D:9      | You are sucked into a shaft and drop 2 floors!
 12376 | D:11     | Noticed a gargoyle
 12380 | D:10     | Entered Level 10 of the Dungeon
 12618 | D:9      | Noticed a two-headed ogre
 12633 | D:9      | Killed a two-headed ogre
 12634 | D:9      | Reached skill level 5 in Dodging
 12634 | D:9      | Reached skill level 11 in Fire Magic
 13335 | D:9      | Found a staircase to the Lair.
 13760 | D:1      | Bought a ring of wizardry for 330 gold pieces
 13760 | D:1      | Bought a ring of protection from fire for 275 gold pieces
 13954 | Lair:1   | Entered Level 1 of the Lair of Beasts
 13954 | Lair:1   | Noticed an oklob plant
 13954 | Lair:1   | Noticed a five-headed hydra
 13954 | Lair:1   | Found a bloodstained altar of Trog.
 14167 | D:10     | Found a transporter.
 14419 | D:1      | Bought an amulet of reflection for 330 gold pieces
 14664 | D:10     | Reached XP level 11. HP: 67/67 MP: 9/18
 14859 | D:10     | Found a transporter.
 14865 | D:10     | Noticed Doot's ghost (journeyman OpVM)
 14866 | D:10     | Identified the +10 dire flail "Piuc" {distort, Str+3
                  | Stlth+}
 14866 | D:10     | Identified the +6 great mace of Greatest Utility {drain,
                  | rF+}
 14866 | D:10     | Noticed a two-headed ogre
 15084 | D:10     | Reached skill level 5 in Spellcasting
 15326 | D:10     | Noticed a two-headed ogre
 15488 | D:10     | Identified the +2 robe "Wexeodas" {Rampage rN+}
 15505 | D:10     | Killed a two-headed ogre
 16094 | D:10     | Reached skill level 10 in Conjurations
 16532 | D:11     | Noticed a two-headed ogre
 16545 | D:11     | Killed a two-headed ogre
 16554 | D:11     | Reached skill level 12 in Fire Magic
 16604 | D:11     | Slain by a vampire mosquito

Illustrated notes

Levels and vault maps discovered:
D:1:      wander_arrival_fairy_ring, layout_loops_ring,
          ebering_ecumenical_altar_petrified, serial_shops, shop
D:2:      layout_basic, minivault_25
D:3:      layout_loops_ring, mainiacjoe_overflow_surrounded_room, zin_purify,
          lemuel_crystal_altar, lightli_sewer_entry_pipes, uniq_sigmund,
          uniq_terence, uniq_jessica
D:4:      layout_basic, marbit_many_paths, mainiacjoe_overflow_big_doors
D:5:      layout_basic, ebering_ghost_rock_garden, serial_corexii_hall,
          chequers_hall_statues_y, corexii_hall_statues_t,
          chequers_hall_statues_wall_a, corexii_hall_statues_t,
          corexii_hall_statues_l, corexii_hall_statues_deadend
D:6:      layout_basic, nemelex_altar_shiori, minmay_temple_entry_wispy,
          serial_glass, glass_columns_b, glass_columns_a, chequers_jeans,
          grunt_decor_mini_mirrors, minmay_misc_feat_enclosed
D:7:      layout_loops_cross, cheibriados_altar_1
D:8:      layout_basic, uniq_prince_ribbit1
D:9:      layout_loops_ring, david_lair_shrubbed, minivault_1,
          chequers_serial_rivers_micro_b, chequers_serial_rivers_large_b
D:10:     layout_irregular_city, gammafunk_ghost_smash, grunt_livestock,
          hangedman_misty_isle
D:11:     layout_cave_pools, pond
Temple:   eino_narrow_crystal_temple
Lair:1:   layout_gridlike, basic_altar, serial_bayou_pond_d, lemuel_oklob_altar,
          lemuel_fruit_tree

Skill      XL: |  1  2  3  4  5  6  7  8  9 10 11 |
---------------+----------------------------------+-----
Conjurations   | 2 3 5 6 7 8 9 10 | 10.2
Fire Magic     | 4 5 6 8 10 11 12 | 12.0
Fighting       | 2 3 |  3.1
Dodging        | 4 5 |  5.1
Spellcasting   | 4 7 |  7.1
Stealth        | |  2.6

Action                   |  1- 3 |  4- 6 |  7- 9 | 10-12 || total
-------------------------+-------+-------+-------+-------++-------
Melee: Unarmed           |    25 |     7 |       |       ||    32
       Constrict         |     7 |     8 |    22 |     8 ||    45
       Dagger            |       |    26 |    77 |    44 ||   147
       Tentacles         |       |     4 |     8 |     8 ||    20
 Cast: Foxfire           |    57 |    59 |   228 |   121 ||   465
       Sticky Flame      |       |       |    19 |    42 ||    61
       Fireball          |       |       |       |     9 ||     9
Evoke: Wand              |       |       |     1 |     2 ||     3
  Use: Scroll            |       |       |     1 |     1 ||     2
 Stab: Sleeping          |       |     7 |     5 |     4 ||    16
Armor: Skin              |     3 |     1 |    14 |    42 ||    60
Dodge: Dodged            |    21 |    16 |    87 |   131 ||   255
Block: Other             |       |       |       |    28 ||    28
       Reflection        |       |       |       |     1 ||     1
